 Dungeon Crawl Stone Soup version 0.30-a0-6-g7c9e10e132 (webtiles) character file.

Game seed: 6753087177484655330

2085 SensoryNuts the Cleaver (level 9, 0/75 (78) HPs)
             Began as a Hill Orc Fighter on Aug 22, 2022.
             Was an Initiate of Gozag.
             Succumbed to a kobold brigand's poison
             ... on level 7 of the Dungeon.
             The game lasted 00:07:01 (6991 turns).

SensoryNuts the Cleaver (Hill Orc Fighter)          Turns: 6991, Time: 00:07:01

HP:   0/75 (78)     AC: 11    Str: 23    XL:     9   Next: 27%
MP:   9/9           EV: 10    Int:  8    God:    Gozag
Gold: 344           SH:  4    Dex: 10    Spells: 8/8 levels left

rFire   . . .      SeeInvis .    a - +1 war axe
rCold   . . .      Faith    .    c - +0 buckler
rNeg    . . .      Spirit   .    b - +1 scale mail
rPois   .          Reflect  .    (no helmet)
rElec   .          Harm     .    g - +0 cloak
rCorr   .          Rampage  .    (no gloves)
Will    .....                    n - +0 pair of boots
Stlth   ..........               (no amulet)
HPRegen 0.22/turn                (no ring)
MPRegen 0.11/turn                (no ring)

@: lethally poisoned (0 -> -5), weak-willed, lightly drained
A: no striking features
a: Renounce Religion, Potion Petition, Call Merchant, Bribe Branch


You were on level 7 of the Dungeon.
You worshipped Gozag.
Gozag was aware of your devotion.
You visited 2 branches of the dungeon, and saw 8 of its levels.

You collected 428 gold pieces.
You paid 84 gold pieces to Gozag.

Inventory:

Hand Weapons
 a - a +1 war axe (weapon)
Missiles
 k - a throwing net
Armour
 b - a +1 scale mail (worn)
 c - a +0 buckler (worn)
 g - a +0 cloak (worn)
 n - a +0 pair of boots (worn)
Jewellery
 u - a ring of poison resistance
Wands
 v - a wand of paralysis (3)
Scrolls
 f - 2 scrolls of immolation
 j - a scroll of torment
 l - 2 scrolls of magic mapping
 t - a scroll of identify
 w - a scroll of poison
Potions
 i - 2 potions of magic
 m - a potion of brilliance
 q - a potion of heal wounds {unknown}
 s - 2 potions of lignification
Miscellaneous
 d - a phantom mirror (quivered)


   Skills:
 + Level 6.5 Fighting
 + Level 10.9 Axes
 + Level 7.3 Armour
 + Level 2.2 Dodging
 + Level 1.1 Stealth
 + Level 4.3 Shields


You had 8 spell levels left.
You didn't know any spells.
Your spell library contained the following spells:

 Spells                   Type           Power      Damage    Failure   Level
 Sting                    Tmut/Pois      0%         1d3       78%         1
 Poisonous Vapours        Pois/Air       0%         N/A       89%         2
 Sublimation of Blood     Necr           0%         N/A       89%         2
 Confusing Touch          Hex            0%         N/A       98%         3
 Olgreb's Toxic Radiance  Pois           0%         N/A       100%        4
 Petrify                  Tmut/Erth      0%         N/A       100%        4
 Irradiate                Conj/Tmut      0%         3d11      100%        5
 Yara's Violent Unravell  Hex/Tmut       0%         3d3       100%        5
 Enfeeble                 Hex            0%         N/A       100%        7


Dungeon Overview and Level Annotations

Branches:
Dungeon (7/15)             Temple (1/1) D:5

Altars:
Ashenzari
Cheibriados
Dithmenos
Elyvilon
Fedhas
Gozag
Hepliaklqana
Kikubaaqudgha
Makhleb
Nemelex Xobeh
Okawaru
Qazlal
Ru
Sif Muna
Trog
Uskayaw
Vehumet
Wu Jian
Xom
Yredelemnul
Zin
The Shining One


Message History

A hound is nearby!
A hound is nearby!
Found a potion of lignification.
s - 2 potions of lignification (gained 1)
The kobold brigand throws a poisoned dart.
The poisoned dart hits you!
You are poisoned.
* * * LOW HITPOINT WARNING * * *
You feel sick.
The kobold brigand throws a poisoned dart.
The poisoned dart hits you!
You are lethally poisoned!
Okay, then.
What are your orders? t - Shout!
Orders for allies: a - Attack new target. r - Retreat! s - Stop attacking. g - Guard the area. f - Follow me.
Anything else - Cancel.
Retreat in which direction?
Press: ? - help, Dir - move target, f - you
Okay, then.
Blink to where?
Press: ? - help, Dir - move target
As you read the scroll of blinking, it crumbles to dust.
* * * LOW HITPOINT WARNING * * *
You feel sick.
As you read the scroll of identify, it crumbles to dust.
f - 2 scrolls of immolation
* * * LOW HITPOINT WARNING * * *
You feel sick.
As you read the scroll labelled NEEHIQUCISO, it crumbles to dust.
It is a scroll of enchant armour.
Your +0 scale mail glows green for a moment.
* * * LOW HITPOINT WARNING * * *
You feel sick.
As you read the scroll labelled QIYFISMOXEK, it crumbles to dust.
Magic quickly surges around you.
It was a scroll of vulnerability.
You die...
Your body crumbles into a pile of gold.

##############
##.....##.....##
##..............##
#................#
#................##
#.................#
#...................#
#...@............##..
#................# .
##.................
##.....##.........
##.########...... #.#
##...###h #.# ##. #=#
##... ##.####...###


There were no monsters in sight!

Vanquished Creatures
  Pikel (D:4)
  Prince Ribbit (D:5)
  Sigmund (D:5)
  Edmund (D:6)
  A water moccasin (D:5)
  2 black bears (D:6)
  An ogre (D:5)
  A centaur (D:6)
  2 phantoms
  A scorpion (D:5)
  2 howler monkeys
  The ghost of Dermit the Caller, a weakling MfSu (D:3)
  3 orc priests (D:3)
  A hound (D:4)
  An iguana (D:6)
  2 orc wizards
  4 gnolls (D:5)
  6 adders
  A white imp (D:6)
  2 dart slugs
  22 orcs
  4 endoplasms
  2 giant cockroaches
  9 goblins
  2 jackals (D:1)
  3 quokkas
  7 ball pythons
  6 bats
  2 frilled lizards (D:1)
  8 kobolds
  9 rats
109 creatures vanquished.

Vanquished Creatures (others)
  An orc wizard (D:4)
  2 withered plants (D:3)
3 creatures vanquished.

Grand Total: 112 creatures vanquished

Notes
Turn   | Place    | Note
-------+----------+-------------------------------------------
     0 | D:1      | SensoryNuts the Hill Orc Fighter began the quest for the
                  | Orb.
     0 | D:1      | Reached XP level 1. HP: 19/19 MP: 1/1
    56 | D:1      | Found a faded altar of an unknown god.
   209 | D:1      | Reached skill level 3 in Axes
   218 | D:1      | Reached XP level 2. HP: 8/27 MP: 2/2
  1079 | D:2      | Reached XP level 3. HP: 33/33 MP: 3/3
  2071 | D:3      | Reached XP level 4. HP: 40/40 MP: 4/4
  2091 | D:3      | Found a basalt altar of Yredelemnul.
  2092 | D:3      | Noticed a phantom
  2096 | D:3      | Killed a phantom
  2097 | D:3      | Reached skill level 4 in Axes
  2097 | D:3      | Reached XP level 5. HP: 46/46 MP: 5/5
  2338 | D:3      | Reached skill level 5 in Axes
  2470 | D:3      | Found a sacrificial altar of Ru.
  2561 | D:3      | Found a runed translucent door.
  2562 | D:3      | Noticed Dermit's ghost (weakling MfSu)
  2649 | D:3      | Reached XP level 6. HP: 11/52 MP: 6/6
  3223 | D:3      | Reached skill level 6 in Axes
  3583 | D:3      | Killed Dermit's ghost
  3584 | D:3      | Reached skill level 1 in Dodging
  3681 | D:4      | Reached skill level 5 in Armour
  3713 | D:4      | Noticed Pikel
  3737 | D:4      | Killed Pikel
  3738 | D:4      | Reached skill level 5 in Fighting
  3738 | D:4      | Reached skill level 8 in Axes
  3738 | D:4      | Reached XP level 7. HP: 5/61 MP: 7/7
  4024 | D:4      | Found a shimmering blue altar of Sif Muna.
  4169 | D:4      | Reached XP level 8. HP: 68/68 MP: 8/8
  4619 | D:5      | Entered Level 5 of the Dungeon
  4694 | D:5      | Reached skill level 9 in Axes
  4696 | D:5      | Noticed Sigmund
  4709 | D:5      | Killed Sigmund
  4891 | D:5      | Found a staircase to the Ecumenical Temple.
  4997 | D:5      | Noticed Prince Ribbit
  5007 | D:5      | Reached skill level 10 in Axes
  5022 | D:5      | Killed Prince Ribbit
  5023 | D:5      | Reached skill level 1 in Stealth
  5023 | D:5      | Reached XP level 9. HP: 59/75 MP: 9/9
  5279 | Temple   | Entered the Ecumenical Temple
  5477 | Temple   | Became a worshipper of Gozag Ym Sagoz the Greedy
  5545 | D:6      | Noticed Edmund
  5568 | D:6      | Killed Edmund
  5961 | D:6      | Found a hazy altar of Hepliaklqana.
  6302 | D:6      | Found a white marble altar of Elyvilon.
  6950 | D:7      | Noticed a four-headed hydra
  6957 | D:7      | HP: 3/76 [necrophage (5)]
  6957 | D:7      | HP: 1/75 [necrophage (2)]
  6989 | D:7      | HP: 2/75 [poisoned by a kobold brigand]
  6991 | D:7      | Succumbed to a kobold brigand's poison

Illustrated notes

Levels and vault maps discovered:
D:1:      minmay_arrival_loop, layout_loops_ring, ebering_ecumenical_altar_mist,
          minmay_indecisive_spiral
D:2:      layout_basic
D:3:      cheibrodos_pilgrimage, layout_basic, nicolae_ru_awakened_eye,
          mainiacjoe_overflow_six_doors_small, gammafunk_ghost_grave
D:4:      layout_basic, nicolae_overflow_crystal_walls, uniq_pikel
D:5:      layout_rooms, minmay_temple_entry_statues, uniq_prince_ribbit1,
          uniq_sigmund
D:6:      layout_gridville, worldfamousw_hep_ancestral_shrine,
          mainiacjoe_overflow_surrounded_room, minmay_misc_feat_rows,
          uniq_edmund
D:7:      hangedman_cross_stitches, layout_rooms
Temple:   bh_familiar_temple

Skill      XL: |  1  2  3  4  5  6  7  8  9 |
---------------+----------------------------+-----
Axes           | 3 4 5 8 10 | 10.9
Armour         | 4 5 6 7 |  7.3
Fighting       | 4 5 6 |  6.5
Dodging        | 1 2 |  2.2
Shields        | 4 |  4.3
Stealth        | 1 |  1.1

Action                   |  1- 3 |  4- 6 |  7- 9 || total
-------------------------+-------+-------+-------++-------
Melee: War axe           |   101 |   138 |   143 ||   382
  Use: Potion            |       |     6 |     4 ||    10
       Scroll            |       |     7 |     9 ||    16
Armor: Scale mail        |    54 |    73 |    66 ||   193
Dodge: Dodged            |    45 |    65 |    58 ||   168
Block: Buckler           |    27 |    37 |    27 ||    91

Table legend: (Time is in decaauts)
 A = Elapsed time spent in this place.
 B = Non-inter-level travel time spent in this place.
 C = Inter-level travel time spent in this place.
 D = Time resting spent in this place.
 E = Time spent auto-exploring this place.
 F = Levels seen in this place.
 G = Mean time per level.
                   A        B        C        D        E       F      G
               +--------+--------+--------+--------+--------+-----+--------+
         Total |   7074 |   6519 |    555 |     40 |   5470 |   8 |  884.2 |
       Dungeon |   6852 |   6350 |    502 |     40 |   5306 |   7 |  978.9 |
        Temple |    221 |    168 |     53 |      0 |    164 |   1 |  221.0 |
               +--------+--------+--------+--------+--------+-----+--------+

Top non-repeatable levels by time:
     D:3: 1626 daAuts
     D:6: 1432 daAuts
     D:2: 1060 daAuts
     D:1: 1009 daAuts
     D:4: 999 daAuts
     D:5: 676 daAuts
  Temple: 221 daAuts
     D:7: 46 daAuts
